 Dungeon Crawl Stone Soup version 0.29-a0-414-g5075937ec3 (webtiles) character file.

Game seed: 5547444443740023151

5086 101zpm the Thaumaturge (level 10, -3/54 HPs)
             Began as a Djinni Fire Elementalist on May 15, 2022.
             Was a Believer of Hepliaklqana.
             Killed by an exploding orc warrior (10 damage)
             ... ignited by their inner flame
             ... on level 9 of the Dungeon.
             The game lasted 00:31:06 (11214 turns).

101zpm the Thaumaturge (Djinni Fire Elementalist)  Turns: 11214, Time: 00:31:07

Health: -3/54      AC: 10    Str:  7    XL:     10   Next: 87%
Gold:   309        EV: 13    Int: 21    God:    Hepliaklqana [**....] SH:  0 Dex: 14

rFire   + + .      SeeInvis +   (no weapon)
rCold   x . .      Faith    .   (no shield)
rNeg    . . .      Spirit   .   a - +0 robe
rPois   ∞          Reflect  .   l - +0 helmet
rElec   .          Harm     .   m - +1 cloak
rCorr   .          Rampage  .   s - +0 pair of gloves
Will    +....                   (boots unavailable)
Stlth   ++........              t - amulet of the acrobat
HPRegen 0.18/turn               w - +4 ring of protection
MPRegen 0.00/turn               A - ring of see invisible

@: flying
A: reduced essence, sickness immunity, fire resistance 2, cold vulnerability 1,
float, innate caster, HP casting, extra vitality 1
a: Renounce Religion, Ancestor Life: Knight, Ancestor Life: Battlemage, Ancestor
Life: Hexer, Recall Ancestor, Ancestor Identity


You were on level 9 of the Dungeon.
You worshipped Hepliaklqana.
Hepliaklqana was pleased with you.
You visited 2 branches of the dungeon, and saw 10 of its levels.

You collected 309 gold pieces.

Inventory:

Armour
 a - a +0 robe (worn)
 d - the +3 pair of gloves of Nacon {rN+ rCorr Str-2 Int+5}
   (You acquired it on level 7 of the Dungeon)

   Str:       It affects your strength (-2).
   Int:       It affects your intelligence (+5).
   rN:        It protects you from negative energy.
   rCorr:     It protects you from acid and corrosion.
 l - a +0 helmet (worn)
 m - a +1 cloak (worn)
 s - a +0 pair of gloves (worn)
Jewellery
 t - an amulet of the acrobat (around neck)
 w - a +4 ring of protection (left hand)
 A - a ring of see invisible (right hand)
Wands
 q - a wand of charming (8)
 x - a wand of iceblast (7)
 y - a wand of polymorph (12)
Scrolls
 b - a scroll of immolation
 c - 2 scrolls of enchant armour
 g - a scroll of magic mapping {unknown}
 j - 4 scrolls of silence
 k - a scroll of noise
 p - 3 scrolls of fog
 u - 2 scrolls of poison {unknown}
 v - 3 scrolls of teleportation {unknown}
 D - a scroll of identify
Potions
 e - 7 potions of curing {unknown}
 f - a potion of resistance {unknown}
 h - 2 potions of might {unknown}
 i - a potion of brilliance {unknown}
 n - a potion of attraction {unknown}
 o - a potion of degeneration {unknown}
 r - a potion of cancellation {unknown}
 z - 3 potions of heal wounds {unknown}
 B - a potion of lignification {unknown}
 C - a potion of berserk rage {unknown}


   Skills:
 + Level 0.4 Fighting
 + Level 2.9 Dodging
 + Level 3.8 Stealth
 + Level 11.6 Spellcasting


You had 11 spell levels left.
You knew the following spells:

 Your Spells              Type           Power      Damage    Failure   Level
a - Foxfire               Conj/Fire      100%       2x1d9     1%          1
b - Scorch                Fire           100%       2d10      1%          2
c - Conjure Flame         Conj/Fire      57%        6-21      1%          3
d - Inner Flame           Hex/Fire       57%        N/A       1%          3
e - Flame Wave            Conj/Fire      57%        2d11      1%          4
f - Summon Small Mammal   Summ           100%       N/A       1%          1
g - Wereblood             Tmut           57%        N/A       1%          2
h - Static Discharge      Conj/Air       57%        N/A       1%          2
i - Call Canine Familiar  Summ           57%        N/A       1%          3
Your spell library was empty.

Dungeon Overview and Level Annotations

Branches:
Dungeon (9/15)             Temple (1/1) D:5            Lair (0/6) D:8
    Orc: D:9-12

Altars:
Ashenzari
Cheibriados
Dithmenos
Elyvilon
Fedhas
Gozag
Hepliaklqana
Kikubaaqudgha
Makhleb
Nemelex Xobeh
Okawaru
Qazlal
Ru
Sif Muna
Trog
Uskayaw
Vehumet
Wu Jian
Xom
Yredelemnul
Zin
The Shining One

Shops:
D:5 [   D:6 (   D:8 *

Annotations:
D:2 Sigmund


Innate Abilities, Weirdness & Mutations

Your life essence is reduced to manifest your ancestor. (-10% HP)
You are immune to sickness and miasma.
You are immune to poison.
Your flesh is very heat resistant. (rF++)
You are vulnerable to cold. (rC-)
You float through the air rather than walking.
You learn spells naturally, not from books.
Your magical power is your life essence.
You have superior vitality. (+4 MHP)


Message History

Aim: an orc warrior, wielding a +0 hand axe and wearing a +0 chain mail (ally target, chance to affect: 95%)
The orc warrior is filled with an inner flame.
* * * LOW HITPOINT WARNING * * *
Casting: Foxfire (safe; 1% risk of failure)
Press: ? - help, Q - select action, (/) - cycle Dir - look around, f - activate You conjure some foxfire!
* * * LOW HITPOINT WARNING * * *
Casting: Foxfire (safe; 1% risk of failure)
Press: ? - help, Q - select action, (/) - cycle Dir - look around, f - activate You conjure some foxfire!
* * * LOW HITPOINT WARNING * * *
Casting: Foxfire (safe; 1% risk of failure)
Confirm with . or Enter, or press ? or * to list all spells.
Flames lash the orc warrior.
Flame seeps out of the orc warrior.
The orc warrior is lightly wounded.
The orc warrior's fire resistance burns away.
* * * LOW HITPOINT WARNING * * *
You hear a shout!
The foxfire hits the orc warrior!
The orc warrior is burned terribly!
Flame seeps out of the orc warrior.
The orc warrior is moderately wounded.
The foxfire hits the orc warrior but does no damage.
The orc warrior is moderately wounded.
The foxfire hits the orc warrior but does no damage.
The orc warrior is moderately wounded.
The orc warrior is engulfed in blazing flames.
Flame seeps out of the orc warrior.
Cuetlachtli hits the orc warrior but does no damage.
Your foxfire dissipates!
Casting: Scorch (safe; 1% risk of failure)
Confirm with . or Enter, or press ? or * to list all spells.
Flames lash the orc warrior.
The orc warrior is burned terribly!
Flame seeps out of the orc warrior.
The orc warrior is almost dead.
* * * LOW HITPOINT WARNING * * *
You hear a shout!
The orc warrior is engulfed in blazing flames.
The orc warrior explodes!
Cuetlachtli avoids your attack. The fiery explosion engulfs you! You resist.
You die...

.... [.. ....
.. ...). ..
..).) .# #
.))))) .## ..#
..).)○##§.#..#
..)).R○§...:.##
#§@......#
#..§##.....
#...... ...
###..... #
##.<##. #... ##
#..# ##.#


You could see the friendly Cuetlachtli the ancestor.

Vanquished Creatures
  Pikel (D:8)
  An ugly thing (D:8)
  An elephant (D:7)
  A gargoyle (D:8)
  A hornet (D:9)
  2 basilisks (D:8)
  A wyvern (D:8)
  2 water moccasins
  3 orc warriors
  2 black bears
  A sky beast (D:7)
  2 ice beasts (D:7)
  An ogre (D:6)
  4 kobold brigands
  A gnoll sergeant (D:9)
  A bullfrog (D:7)
  A necrophage (D:5)
  A scorpion (D:6)
  10 wights
  A howler monkey (D:7)
  An orc priest (D:7)
  4 hounds
  2 gnoll shamans
  5 iguanas
  4 orc wizards
  17 gnolls
  2 adders
  3 white imps
  2 worms
  22 orcs
  2 ball pythons
  4 bats (D:1)
  6 endoplasms
  5 goblins (D:1)
  4 hobgoblins
  12 kobolds
  2 quokkas
  A frilled lizard (D:2)
  2 rats (D:1)
138 creatures vanquished.

Vanquished Creatures (collateral kills)
  A black bear (D:6)
  A gnoll sergeant (D:9)
  A necrophage (D:7)
  2 orc wizards (D:7)
  A gnoll (D:7)
  3 orcs
  A goblin (D:2)
  5 kobolds
15 creatures vanquished.

Vanquished Creatures (others)
  456 foxfires
  2 fungi (D:8)
  2 plants (D:7)
460 creatures vanquished.

Grand Total: 613 creatures vanquished

Notes
Turn   | Place    | Note
-------+----------+-------------------------------------------
     0 | D:1      | 101zpm the Djinni Fire Elementalist began the quest for the
                  | Orb.
     0 | D:1      | Reached XP level 1. HP: 15/15 MP: 0/0
   356 | D:1      | Reached XP level 2. HP: 17/21 MP: 0/0
   857 | D:1      | Reached skill level 3 in Spellcasting
  1036 | D:1      | Reached XP level 3. HP: 23/25 MP: 0/0
  1036 | D:1      | Learned a level 1 spell: Summon Small Mammal
  1636 | D:2      | Noticed Sigmund
  2242 | D:4      | Reached XP level 4. HP: 29/31 MP: 0/0
  2871 | D:5      | Entered Level 5 of the Dungeon
  3290 | D:5      | Noticed a black bear
  3293 | D:5      | Killed a black bear
  3294 | D:5      | Reached skill level 4 in Spellcasting
  3294 | D:5      | Reached XP level 5. HP: 26/35 MP: 0/0
  3294 | D:5      | Learned a level 2 spell: Wereblood
  3445 | D:5      | Found Wyteekhu's Armour Boutique.
  3515 | D:7      | Reached XP level 6. HP: 32/40 MP: 0/0
  3523 | D:7      | Reached skill level 5 in Spellcasting
  3524 | D:7      | Noticed an ice beast
  3530 | D:7      | Reached XP level 7. HP: 17/45 MP: 0/0
  3530 | D:7      | Learned a level 2 spell: Static Discharge
  3837 | D:6      | Reached skill level 6 in Spellcasting
  3887 | D:6      | Found a glowing silver altar of Zin.
  4070 | D:6      | Reached XP level 8. HP: 44/50 MP: 0/0
  4126 | D:6      | Reached skill level 7 in Spellcasting
  4748 | D:5      | Found a staircase to the Ecumenical Temple.
  4763 | Temple   | Entered the Ecumenical Temple
  5048 | Temple   | Became a worshipper of Hepliaklqana the Forgotten
  6277 | D:5      | Reached skill level 8 in Spellcasting
  6277 | D:5      | Reached XP level 9. HP: 52/56 MP: 0/0
  6277 | D:5      | Learned a level 3 spell: Call Canine Familiar
  6699 | D:6      | Found Megihoc's Weapon Shoppe.
  6782 | D:6      | Reached * piety under Hepliaklqana
  6871 | D:7      | Identified a scroll of acquirement
  6872 | D:7      | Acquired the +3 pair of gloves of Nacon {rN+ rCorr Str-2
                  | Int+5}
  7317 | D:7      | Reached skill level 9 in Spellcasting
  8773 | D:8      | Noticed a green ugly thing
  8780 | D:8      | Killed a green ugly thing
  9146 | D:8      | Reached XP level 10. HP: 42/54 MP: 0/0
  9244 | D:8      | Found Feddyug's Mayhem Merchandise.
  9299 | D:8      | Noticed a gargoyle
  9304 | D:8      | Reached skill level 10 in Spellcasting
  9309 | D:8      | Noticed an elephant
  9332 | D:7      | Killed an elephant
  9643 | D:8      | Reached ** piety under Hepliaklqana
 10519 | D:8      | Killed a gargoyle
 10520 | D:8      | Reached skill level 11 in Spellcasting
 10554 | D:8      | Noticed Pikel
 10557 | D:8      | Killed Pikel
 10694 | D:8      | Found a staircase to the Lair.
 11214 | D:9      | Killed by an exploding orc warrior... ignited by their
                  | inner flame

Illustrated notes

Levels and vault maps discovered:
D:1:      nagdon_arrival_double_spiral, layout_basic,
          hangedman_decor_clover_reticule
D:2:      cheibrodos_helix_gallery, layout_loops_corners, uniq_sigmund
D:3:      layout_loops_ring
D:4:      layout_basic
D:5:      layout_basic, minmay_temple_entry_hall, serial_shops, shop,
          minmay_tree_intersection
D:6:      kennysheep_spiral_hall, layout_basic, mainiacjoe_overflow_alcove_4,
          serial_shops, nicolae_shop_crystal
D:7:      layout_basic, nicolae_ossuary_entry_monument, st_stairs_12,
          serial_bayou_crossing
D:8:      layout_loops_corners, david_lair_generic, minmay_shop_mayhem,
          uniq_pikel
D:9:      layout_cave_pools
Temple:   mainiacjoe_temple_archimedes_tessellation

Skill      XL: |  1  2  3  4  5  6  7  8  9 10 |
---------------+-------------------------------+-----
Spellcasting   | 3 4 5 6 8 9 11 | 11.6
Stealth        | 2 3 |  3.8
Fighting       | |  0.4
Dodging        | |  2.9

Action                   |  1- 3 |  4- 6 |  7- 9 | 10-12 || total
-------------------------+-------+-------+-------+-------++-------
 Cast: Foxfire           |    85 |    30 |   145 |    27 ||   287
       Scorch            |     6 |     6 |    38 |    18 ||    68
       Summon Small Mamm |     7 |       |    42 |    12 ||    61
       Inner Flame       |     3 |     8 |    57 |    26 ||    94
       Call Canine Famil |       |       |    16 |     6 ||    22
       Wereblood         |       |       |     1 |       ||     1
Invok: Recall Ancestor   |       |       |       |     1 ||     1
  Use: Scroll            |       |       |     8 |     1 ||     9
Armor: Robe              |     1 |       |     2 |     3 ||     6
Dodge: Dodged            |     3 |       |     8 |     9 ||    20

Table legend: (Time is in decaauts)
 A = Elapsed time spent in this place.
 B = Non-inter-level travel time spent in this place.
 C = Inter-level travel time spent in this place.
 D = Time resting spent in this place.
 E = Time spent auto-exploring this place.
 F = Levels seen in this place.
 G = Mean time per level.
                   A        B        C        D        E       F      G
               +--------+--------+--------+--------+--------+-----+--------+
         Total |  11221 |  10746 |    475 |   2016 |   7667 |  10 | 1122.1 |
       Dungeon |  10891 |  10484 |    407 |   2016 |   7435 |   9 | 1210.1 |
        Temple |    330 |    262 |     68 |      0 |    232 |   1 |  330.0 |
               +--------+--------+--------+--------+--------+-----+--------+

Top non-repeatable levels by time:
     D:7: 2262 daAuts
     D:5: 1996 daAuts
     D:6: 1932 daAuts
     D:8: 1784 daAuts
     D:4: 1213 daAuts
     D:1: 1117 daAuts
     D:2: 527 daAuts
  Temple: 330 daAuts
     D:9: 44 daAuts
     D:3: 11 daAuts
